 Dungeon Crawl Stone Soup version 0.30.0-29-ga12c61a403 (webtiles) character file.

Game seed: 13972255151687011034

7906 monsoonserge the Nimble (level 11, -3/91 HPs)
             Began as a Meteoran Reaver on June 23, 2023.
             Was an Elder of Okawaru.
             Slain by a komodo dragon (17 damage)
             ... on level 10 of the Dungeon.
             The game lasted 00:54:53 (5210 turns).

monsoonserge the Nimble (Meteoran Reaver)           Turns: 5210, Time: 00:54:54

Health: -3/91      AC:  8    Str: 15    XL:     11   Next: 73%
Magic:  18/18      EV: 20    Int: 19    God:    Okawaru [****..]
Gold:   237        SH:  0    Dex: 12    Spells: 11/18 levels left

rFire   . . .        a - +5 halberd of Xom {speed, +Blink}
rCold   . . .        (shield currently unavailable)
rNeg    . . .        q - +1 steam dragon scales
rPois   +            (no helmet)
rElec   .            H - +0 cloak
rCorr   .            (no gloves)
SInv    .            (no boots)
Will    +....        I - amulet of regeneration
Stlth   +            e - +5 ring of evasion
HPRegen 1.15/turn    k - ring of poison resistance
MPRegen 0.16/turn

%: no passive effects
@: glowing
A: sense surroundings 2, otherworldly, glowing, explore regen
a: Renounce Religion, Evoke Blink, Heroism, Finesse


You were on level 10 of the Dungeon.
You worshipped Okawaru.
Okawaru was greatly pleased with you.
You visited 2 branches of the dungeon, and saw 11 of its levels.

You collected 525 gold pieces.
You spent 288 gold pieces at shops.

Inventory:

Hand Weapons
 a - the +5 halberd of Xom (weapon) {speed, +Blink}
   (You bought it in a shop on level 9 of the Dungeon)

   +Blink:    It lets you blink.
 b - a +0 shortbow
 d - a +3 dagger of chaos
 l - a +0 spectral quarterstaff
 B - a +0 broad axe of draining
 N - a +3 great sword
Missiles
 s - 2 poisoned darts (quivered)
 L - 4 boomerangs
Armour
 q - +1 steam dragon scales (worn)
 A - a +3 ring mail
 G - a +2 chain mail of fire resistance
 H - a +0 cloak (worn)
 P - +0 acid dragon scales
 Q - +0 fire dragon scales
Jewellery
 e - a +5 ring of evasion (left hand)
 h - a +6 ring of dexterity
 k - a ring of poison resistance (right hand)
 t - an amulet of the acrobat
 I - an amulet of regeneration (around neck)
 R - a +5 ring of evasion
Wands
 m - a wand of mindburst (11)
 C - a wand of flame (1)
 M - a wand of digging (3)
Scrolls
 c - 4 scrolls of identify {unknown}
 j - 2 scrolls of enchant weapon {unknown}
 o - a scroll of magic mapping {unknown}
 p - 2 scrolls of vulnerability {unknown}
 v - a scroll of enchant armour {unknown}
 x - a scroll of fog {unknown}
 y - 4 scrolls of teleportation {unknown}
 E - 4 scrolls of noise {unknown}
 J - 2 scrolls of amnesia {unknown}
 K - a scroll of brand weapon {unknown}
 O - a scroll of fear {unknown}
 S - a scroll of torment {unknown}
Potions
 f - 3 potions of heal wounds
 g - 2 potions of ambrosia {unknown}
 i - a potion of degeneration
 n - 4 potions of attraction
 r - 2 potions of lignification
 u - a potion of haste {unknown}
 w - a potion of might {unknown}
 z - 3 potions of brilliance {unknown}
 D - a potion of flight {unknown}
 F - 2 potions of curing


   Skills:
 + Level 6.6 Fighting
 - Level 4.3(6.1) Short Blades
 - Level 7.2(7.8) Long Blades
 - Level 0.4(2.9) Axes
 + Level 4.7(5.3) Maces & Flails
 * Level 1.4(2.5) Polearms
 + Level 3.0(4.3) Staves
 + Level 3.7 Ranged Weapons
 + Level 2.1 Throwing
 - Level 7.3 Armour
 + Level 8.9 Dodging
 - Level 1.0 Stealth
 - Level 4.0 Spellcasting
 * Level 7.5 Conjurations
 + Level 2.0 Necromancy
 + Level 4.5 Ice Magic
 + Level 2.0 Air Magic
 + Level 2.0 Poison Magic
 * Level 3.5 Invocations
 * Level 1.9 Evocations


You had 11 spell levels left.
You knew the following spells:

 Your Spells              Type           Power      Damage    Failure   Level
a - Kiss of Death         Conj/Necr      84%        2d11      1%          1
b - Hailstorm             Conj/Ice       26%        3d7       3%          3
c - Mephitic Cloud        Conj/Pois/Air  18%        N/A       9%          3

Your spell library contained the following spells:

 Spells                   Type           Power      Damage    Failure   Level
 Magic Dart               Conj           100%       1d8       1%          1
 Momentum Strike          Conj/Tloc      36%        3d9       4%          2
 Sting                    Tmut/Pois      28%        1d4       9%          1
 Poisonous Vapours        Pois/Air       22%        N/A       9%          2
 Apportation              Tloc           6%         N/A       14%         1
 Vhi's Electric Charge    Tloc/Air       14%        N/A       26%         3
 Portal Projectile        Hex/Tloc       6%         N/A       38%         3
 Arcjolt                  Conj/Air       10%        1d20      47%         5
 Olgreb's Toxic Radiance  Pois           11%        N/A       52%         4
 Irradiate                Conj/Tmut      9%         3d14      63%         5
 Alistair's Intoxication  Tmut/Pois      4%         N/A       94%         5
 Borgnjor's Vile Clutch   Necr/Erth      3%         N/A       94%         5
 Blade Hands              Tmut           1%         N/A       98%         5
 Dragon Form              Tmut           1%         N/A       100%        7
 Ozocubu's Refrigeration  Ice            10%        4d9       100%        7
 Maxwell's Capacitive Co  Air            5%         ∞         100%        8
 Polar Vortex             Ice            10%        N/A       100%        9
 Call Imp                 Summ           Unusable   N/A       N/A         2
 Tukima's Dance           Hex            Unusable   N/A       N/A         3
 Animate Dead             Necr           Unusable   N/A       N/A         4
 Simulacrum               Ice/Necr       Unusable   N/A       N/A         6
 Death Channel            Necr           Unusable   N/A       N/A         6

Dungeon Overview and Level Annotations

Branches:
Dungeon (10/15) Zot: 806   Temple (1/1) D:6 Zot: 538
   Lair: D:8-11         Orc: D:9-12

Altars:
Ashenzari
Cheibriados
Dithmenos
Elyvilon
Fedhas
Gozag
Hepliaklqana
Kikubaaqudgha
Makhleb
Nemelex Xobeh
Okawaru
Qazlal
Ru
Sif Muna
Trog
Uskayaw
Vehumet
Wu Jian
Xom
Yredelemnul
Zin
The Shining One

Shops:
D:4 [   D:9 (


Innate Abilities, Weirdness & Mutations

You passively map the area around you.
You are easily found by Zot.
You glow in the dark.
You regain HP and MP as you explore.


Message History

The komodo dragon completely misses you.
You hit the komodo dragon.
The komodo dragon is moderately wounded.
The komodo dragon closely misses you.
You hit the komodo dragon.
The komodo dragon is heavily wounded.
The komodo dragon bites you!!
You barely miss the komodo dragon.
The komodo dragon is heavily wounded.
The komodo dragon bites you!
You are too injured to fight recklessly!
You are too injured to fight recklessly!
You are too injured to fight recklessly!
Reach: a) +5 halberd of Xom {speed, +Blink}
Press: ? - help, Dir - move target, f/p - komodo dragon
Aim: a komodo dragon (heavily wounded, about 31% to evade the +5 halberd of Xom)
You puncture the komodo dragon!
The komodo dragon is severely wounded.
The komodo dragon misses you.
Reach: a) +5 halberd of Xom {speed, +Blink}
Press: ? - help, Dir - move target, f/p - komodo dragon
Aim: a komodo dragon (severely wounded, about 31% to evade the +5 halberd of Xom)
You closely miss the komodo dragon.
The komodo dragon is severely wounded.
The komodo dragon bites you!!
* * * LOW HITPOINT WARNING * * *
Reach: a) +5 halberd of Xom {speed, +Blink}
Press: ? - help, Dir - move target, f/p - komodo dragon
Aim: a komodo dragon (severely wounded, about 31% to evade the +5 halberd of Xom)
You hit the komodo dragon but do no damage.
The komodo dragon is severely wounded.
The komodo dragon barely misses you.
Okay, then.
Reach: a) +5 halberd of Xom {speed, +Blink}
Press: ? - help, Dir - move target, f/p - komodo dragon
Aim: a komodo dragon (severely wounded, about 31% to evade the +5 halberd of Xom)
You barely miss the komodo dragon.
The komodo dragon is severely wounded.
The komodo dragon bites you!
You die...

,# #....##** * #.#..... ,,
,, , #.#.... ** , ###*
#.#.....# , #.#*
#.......###
###.#########....# *
#...†..#.........# ,,*
†.#.†#.#..####...#######**
* *
#...'..#........@.......,
, ###.#####.####..l.......
* [.'...###'######........
, .#'.#.......# #...#+###
).'.........## #!..#
###.#........# #...# ,
###.#.###....# #...# * * ,
......###....###...# ,
######........## *, ,,,


You could see a komodo dragon.

Vanquished Creatures
  A two-headed ogre (D:8)
  Maggie (D:7)
  A troll (D:9)
  2 hornets (D:8)
  2 wyverns (D:9)
  10 yaks
  Eustachio (D:5)
  A golden eye (D:4)
  An acid dragon (D:10)
  2 water moccasins
  4 orc warriors
  3 ice beasts
  2 black bears
  3 sky beasts
  4 ogres
  2 centaurs
  2 phantoms
  2 bullfrogs
  8 scorpions
  3 wights (D:7)
  11 killer bees (D:10)
  3 howler monkeys (D:10)
  The ghost of BONEBRO the Magician, a weakling GnHW (D:3)
  4 crimson imps (D:3)
  4 hounds
  2 jellies
  4 orc priests
  A sleepcap (D:6)
  3 iguanas (D:5)
  8 orc wizards
  11 adders
  A white imp (D:6)
  A worm (D:2)
  A dart slug (D:2)
  26 orcs
  5 ball pythons
  11 endoplasms
  4 giant cockroaches
  8 goblins
  9 hobgoblins
  8 kobolds
  4 quokkas
  10 bats
  3 frilled lizards
  9 rats
207 creatures vanquished.

Notes
Turn   | Place    | Note
-------+----------+-------------------------------------------
     0 | D:1      | monsoonserge the Meteoran Reaver began the quest for the
                  | Orb.
     0 | D:1      | Reached XP level 1. HP: 17/17 MP: 5/5
    38 | D:1      | Reached XP level 2. HP: 15/20 MP: 4/6
   178 | D:1      | Reached XP level 3. HP: 18/28 MP: 8/8
   460 | D:2      | Reached skill level 3 in Dodging
   460 | D:2      | Reached XP level 4. HP: 31/37 MP: 9/9
   526 | D:2      | Reached skill level 1 in Armour
   659 | D:2      | Noticed an ogre
   665 | D:2      | Killed an ogre
   666 | D:2      | Reached skill level 1 in Staves
   666 | D:2      | Reached skill level 1 in Throwing
   666 | D:2      | Reached skill level 1 in Necromancy
   666 | D:2      | Reached skill level 1 in Evocations
   666 | D:2      | Reached XP level 5. HP: 35/42 MP: 8/10
   698 | D:2      | Reached XP level 6. HP: 50/50 MP: 11/11
   805 | D:2      | Learned a level 3 spell: Hailstorm
   857 | D:3      | Found a runed translucent door.
   861 | D:3      | Noticed BONEBRO's ghost (weakling GnHW)
   874 | D:3      | Killed BONEBRO's ghost
  1038 | D:3      | Found a shimmering altar of Xom.
  1042 | D:3      | Reached skill level 1 in Ice Magic
  1047 | D:3      | Reached XP level 7. HP: 48/57 MP: 12/12
  1229 | D:4      | Reached skill level 4 in Dodging
  1398 | D:4      | Reached skill level 1 in Short Blades
  1398 | D:4      | Reached XP level 8. HP: 40/63 MP: 13/13
  1438 | D:4      | Reached skill level 1 in Stealth
  1438 | D:4      | Reached skill level 5 in Conjurations
  1526 | D:4      | Found Touqast's Armour Shop.
  1588 | D:4      | Found a basalt altar of Yredelemnul.
  1588 | D:4      | Found a bloodstained altar of Trog.
  1696 | D:5      | Entered Level 5 of the Dungeon
  1776 | D:5      | Reached skill level 5 in Armour
  1850 | D:5      | Reached skill level 5 in Dodging
  1856 | D:5      | Gained mutation: You passively map the area around you.
                  | [Meteoran growth]
  1856 | D:5      | Reached XP level 9. HP: 43/59 MP: 11/14
  1941 | D:5      | Reached skill level 6 in Dodging
  2025 | D:5      | Noticed Eustachio
  2074 | D:5      | Killed Eustachio
  2748 | D:6      | Found a staircase to the Ecumenical Temple.
  2756 | Temple   | Entered the Ecumenical Temple
  2756 | Temple   | Found a transporter.
  2756 | Temple   | Found a transporter.
  2758 | Temple   | Found a transporter.
  2758 | Temple   | Found a transporter.
  2790 | Temple   | Became a worshipper of Warmaster Okawaru
  2889 | D:6      | Reached skill level 7 in Dodging
  2889 | D:6      | Reached XP level 10. HP: 40/80 MP: 15/15
  2943 | D:6      | Reached skill level 1 in Ranged Weapons
  3036 | D:6      | a jelly changed into a glowing shapeshifter
  3036 | D:6      | Noticed a glowing shapeshifter (glowing shapeshifter)
  3036 | D:6      | a glowing shapeshifter changed into a two-headed ogre
  3036 | D:6      | Noticed a two-headed ogre (glowing shapeshifter)
  3039 | D:6      | a two-headed ogre changed into a water nymph
  3039 | D:6      | Noticed a water nymph (glowing shapeshifter)
  3042 | D:6      | a water nymph changed into a sea snake
  3042 | D:6      | Noticed a sea snake (glowing shapeshifter)
  3043 | D:6      | a sea snake changed into a deep troll
  3043 | D:6      | Noticed a deep troll (glowing shapeshifter)
  3051 | D:6      | a deep troll changed into an orb spider
  3051 | D:6      | Noticed an orb spider (glowing shapeshifter)
  3054 | D:6      | an orb spider changed into a swamp dragon
  3054 | D:6      | Noticed a swamp dragon (glowing shapeshifter)
  3056 | D:6      | a swamp dragon changed into a cyclops
  3056 | D:6      | Noticed a cyclops (glowing shapeshifter)
  3147 | D:7      | Noticed Maggie
  3163 | D:7      | Killed Maggie
  3163 | D:7      | Reached * piety under Okawaru
  3164 | D:7      | Reached skill level 1 in Invocations
  3300 | D:7      | Reached skill level 1 in Long Blades
  3453 | D:7      | Reached skill level 5 in Fighting
  3667 | D:8      | Reached ** piety under Okawaru
  3685 | D:8      | Reached skill level 8 in Dodging
  3758 | D:8      | Noticed a two-headed ogre
  3768 | D:8      | Killed a two-headed ogre
  3768 | D:8      | Reached *** piety under Okawaru
  3769 | D:8      | Reached XP level 11. HP: 75/89 MP: 9/16
  3776 | D:8      | Reached skill level 5 in Long Blades
  3796 | D:8      | Learned a level 3 spell: Mephitic Cloud
  3947 | D:8      | Paralysed by a hornet for 3 turns
  3950 | D:8      | HP: 3/71 [poisoned by a hornet]
  4128 | D:8      | Reached skill level 1 in Air Magic
  4128 | D:8      | Reached skill level 1 in Poison Magic
  4417 | D:9      | Reached **** piety under Okawaru
  4665 | D:9      | Found Wufreosee's Antique Weapon Shoppe.
  4673 | D:9      | Bought a transparent halberd for 288 gold pieces
  4673 | D:9      | Identified the +5 halberd of Xom {speed, +Blink} (You
                  | bought it in a shop on level 9 of the Dungeon)
  4848 | D:10     | Entered Level 10 of the Dungeon
  5071 | D:10     | Reached skill level 1 in Polearms
  5210 | D:10     | Slain by a komodo dragon

Illustrated notes

Levels and vault maps discovered:
D:1:      spicycebolla_arrival_clurvy, layout_rooms, chequers_garden,
          minmay_misc_feat_more_columns
D:2:      layout_basic, guppyfry_early_orc_mine
D:3:      layout_loops_ring, led_xom_imps, ebering_ghost_reflecting_pool,
          kennysheep_potato
D:4:      old_forge, layout_cave_pools, gammafunk_temple_overflow_wave,
          nicolae_stop_n_shop_1
D:5:      layout_basic, kennysheep_small_square, uniq_eustachio
D:6:      layout_basic, minmay_temple_entry_ruins, chequers_decorated_corner
D:7:      layout_layer_cave, uniq_maggie
D:8:      layout_gridville, kennysheep_dice
D:9:      layout_irregular_city, serial_shops, nicolae_shop_overgrown_old_shop
D:10:     layout_basic, lair_entry_dummy, roderic_batcave, eino_jars
Temple:   hellmonk_temple_divided_pantheon

Skill      XL: |  1  2  3  4  5  6  7  8  9 10 11 |
---------------+----------------------------------+-----
Conjurations   | 4 5 7 |  7.5
Dodging        | 3 4 5 7 8 |  8.9
Armour         | 2 3 4 5 7 |  7.3
Staves         | 1 2 3 |  3.0
Throwing       | 1 2 |  2.1
Necromancy     | 1 2 |  2.0
Evocations     | 1 |  1.9
Ice Magic      | 1 2 3 4 |  4.5
Fighting       | 3 4 5 6 |  6.6
Short Blades   | 1 2 4 |  4.3
Stealth        | 1 |  1.0
Spellcasting   | 3 4 |  4.0
Ranged Weapons | 3 |  3.7
Invocations    | 3 |  3.5
Long Blades    | 4 7 |  7.2
Air Magic      | 2 |  2.0
Poison Magic   | 2 |  2.0
Polearms       | 1 |  1.4
Axes           | |  0.4
Maces & Flails | |  4.7

Action                     |  1- 3 |  4- 6 |  7- 9 | 10-12 || total
---------------------------+-------+-------+-------+-------++-------
  Melee: Mace              |    82 |    17 |       |       ||    99
         Quarterstaff      |       |    58 |       |       ||    58
         Dagger            |       |       |   329 |    52 ||   381
         Punch             |       |       |     6 |     1 ||     7
         Great sword       |       |       |       |   151 ||   151
         Broad axe         |       |       |       |    24 ||    24
         Halberd           |       |       |       |    65 ||    65
   Fire: Shortbow          |       |       |    21 |    31 ||    52
  Throw: Dart              |       |     2 |     6 |     6 ||    14
   Cast: Kiss of Death     |     1 |     1 |     2 |     6 ||    10
         Hailstorm         |       |     1 |     8 |    33 ||    42
 Invoke: Heroism           |       |       |       |     1 ||     1
  Evoke: Wand              |       |     2 |       |     3 ||     5
    Use: Potion            |       |       |     3 |     4 ||     7
   Stab: Distracted        |       |     1 |       |       ||     1
         Petrified         |       |       |     5 |       ||     5
         Confused          |       |       |     2 |       ||     2
         Petrifying        |       |       |     1 |       ||     1
         Paralysed         |       |       |     1 |       ||     1
 Armour: Leather armour    |    20 |     6 |    26 |       ||    52
         Skin              |       |       |    44 |    24 ||    68
         Ring mail         |       |       |    65 |    23 ||    88
         Steam dragon scal |       |       |       |    76 ||    76
  Dodge: Dodged            |    64 |    41 |   287 |   363 ||   755
